3L
NASHVILLE OUTLAWS @ ECHO PARK LAKERS
05/28/2042
 
TOP OF THE 1ST
Nashville Outlaws batting - Pitching for Echo Park Lakers : LHP Luis Díaz
Pitching: LHP Luis Díaz
Batting: LHB Daniel Page 0-0: Ground out 5-3 (Groundball, 56, EV 99.4 MPH)
Batting: LHB Juan Santángel 0-0: Called Strike
0-1: Called Strike
0-2: Foul Ball, location: 2F
0-2: Ball
1-2: Foul Ball, location: 2F
1-2: Ball
2-2: Ground out 4-3 (Groundball, 4, EV 104.4 MPH)
Batting: RHB Shimei Miura 0-0: Ball
1-0: Ball
2-0: Called Strike
2-1: Called Strike
2-2: Ball
3-2: Strikes out swinging
Top of the 1st over - 0 runs, 0 hits, 0 errors, 0 left on base; Nashville 0 - Echo Park 0
BOTTOM OF THE 1ST
Echo Park Lakers batting - Pitching for Nashville Outlaws : RHP Jesús Cruz
Pitching: RHP Jesús Cruz
Batting: LHB Jon Kelly 0-0: Ball
1-0: Ground out 1-3 (Groundball, 13S, EV 63.1 MPH)
Batting: LHB Joe Schreibvogel 0-0: Ground out 4-3 (Groundball, 4, EV 85.6 MPH)
Batting: LHB Philip Todd 0-0: Ball
1-0: Foul Ball, location: 2F
1-1: Ball
2-1: Fly out, F8 (Flyball, 8RD, EV 95.0 MPH)
Bottom of the 1st over - 0 runs, 0 hits, 0 errors, 0 left on base; Nashville 0 - Echo Park 0
TOP OF THE 2ND
Nashville Outlaws batting - Pitching for Echo Park Lakers : LHP Luis Díaz
Batting: LHB Nikolai Volkoff 0-0: Ball
1-0: Fly out, F9 (Flyball, 9LS, EV 87.5 MPH)
Batting: RHB Broderick Sarcoma 0-0: Ball
1-0: Foul Ball, location: 2F
1-1: Called Strike
1-2: Ball
2-2: Ball
3-2: Foul Ball, location: 2F
3-2: Foul Ball, location: 2F
3-2: Base on Balls
Batting: LHB Duff Eckstein 0-0: Ball
1-0: Called Strike
1-1: Ball
2-1: Foul Ball, location: 2F
2-2: Ball
3-2: Strikes out swinging
Batting: LHB Bartolo Soto 0-0: Ball
1-0: Ball
2-0: Called Strike
2-1: Ball
3-1: Called Strike
Broderick Sarcoma steals 2nd base
3-2: Foul Ball, location: 2F
3-2: SINGLE (Groundball, 4M, EV 80.0 MPH) (infield hit)
Broderick Sarcoma to third
Batting: RHB Jong-yun Rhee 0-0: Ball
1-0: Fly out, F4 (Popup, 4D, EV 50.0 MPH)
Top of the 2nd over - 0 runs, 1 hit, 0 errors, 2 left on base; Nashville 0 - Echo Park 0
BOTTOM OF THE 2ND
Echo Park Lakers batting - Pitching for Nashville Outlaws : RHP Jesús Cruz
Batting: LHB Jonathan Winston 0-0: Ball
1-0: Foul Ball, location: 2F
1-1: Ball
2-1: Ground out 5-3 (Groundball, 5L, EV 87.5 MPH)
Batting: RHB Komotay Koffie 0-0: Ball
1-0: Fly out, F8 (Flyball, 8LM, EV 86.9 MPH)
Batting: LHB Ben Bullock 0-0: Called Strike
0-1: Ground out 4-3 (Groundball, 4, EV 83.1 MPH)
Bottom of the 2nd over - 0 runs, 0 hits, 0 errors, 0 left on base; Nashville 0 - Echo Park 0
TOP OF THE 3RD
Nashville Outlaws batting - Pitching for Echo Park Lakers : LHP Luis Díaz
Batting: LHB Wilson Hernández 0-0: Bunt - Flyout to 15S! F1
Batting: LHB Daniel Page 0-0: Ball
1-0: Ball
2-0: Swinging Strike
2-1: Swinging Strike
2-2: Foul Ball, location: 2F
2-2: Foul Ball, location: 2F
2-2: Ball
3-2: Base on Balls
Batting: LHB Juan Santángel 0-0: Fly out, F8 (Flyball, 78M, EV 84.4 MPH)
Batting: RHB Shimei Miura 0-0: Ball
1-0: Called Strike
1-1: Ball
2-1: Ball
3-1: Fielders Choice at 2nd, 6-4 (Groundball, 6, EV 75.6 MPH)
Top of the 3rd over - 0 runs, 0 hits, 0 errors, 1 left on base; Nashville 0 - Echo Park 0
BOTTOM OF THE 3RD
Echo Park Lakers batting - Pitching for Nashville Outlaws : RHP Jesús Cruz
Batting: RHB Ryoma Yamamoto 0-0: Swinging Strike
0-1: Ball
1-1: Ball
2-1: Fly out, F8 (Line Drive, 8RD, EV 91.9 MPH)
Batting: SHB Akihiko Fujii 0-0: Ball
1-0: Called Strike
1-1: Foul Ball, location: 2F
1-2: Ground out 6-3 (Groundball, 6, EV 79.4 MPH)
Batting: LHB Armando Viña 0-0: Ball
1-0: Ball
2-0: Foul Ball, location: 2F
2-1: Ground out U3 (Groundball, 34, EV 89.4 MPH)
Bottom of the 3rd over - 0 runs, 0 hits, 0 errors, 0 left on base; Nashville 0 - Echo Park 0
TOP OF THE 4TH
Nashville Outlaws batting - Pitching for Echo Park Lakers : LHP Luis Díaz
Batting: LHB Nikolai Volkoff 0-0: Ground out 5-3 (Groundball, 6, EV 83.1 MPH)
Batting: RHB Broderick Sarcoma 0-0: Called Strike
0-1: Swinging Strike
0-2: Ball
1-2: Ball
2-2: Foul Ball, location: 2F
2-2: Ball
3-2: Foul Ball, location: 2F
3-2: Ground out 6-3 (Groundball, 6M, EV 100.6 MPH)
Batting: LHB Duff Eckstein 0-0: Ball
1-0: SINGLE (Line Drive, 8LS, EV 86.2 MPH)
Batting: LHB Bartolo Soto 0-0: Ball
1-0: Ball
2-0: Ball
3-0: Called Strike
3-1: Fly out, F8 (Flyball, 89M, EV 87.5 MPH)
Top of the 4th over - 0 runs, 1 hit, 0 errors, 1 left on base; Nashville 0 - Echo Park 0
BOTTOM OF THE 4TH
Echo Park Lakers batting - Pitching for Nashville Outlaws : RHP Jesús Cruz
Batting: LHB Jon Kelly 0-0: Called Strike
0-1: Called Strike
0-2: Fly out, F8 (Flyball, 8RS, EV 89.4 MPH)
Batting: LHB Joe Schreibvogel 0-0: Ball
1-0: Ball
2-0: Foul Ball, location: 2F
2-1: Swinging Strike
2-2: Foul Ball, location: 2F
2-2: Ball
3-2: Foul Ball, location: 2F
3-2: Base on Balls
Batting: LHB Philip Todd 0-0: Ball
Wild Pitch!
Joe Schreibvogel to second
1-0: Foul Ball, location: 2F
1-1: 2-RUN HOME RUN (Line Drive, 78XD, EV 98.8 MPH), Distance : 422 ft
Batting: LHB Jonathan Winston 0-0: Ball
1-0: Foul Ball, location: 2F
1-1: Fly out, F5 (Popup, 5F, EV 77.5 MPH)
Batting: RHB Komotay Koffie 0-0: Ball
1-0: Foul Ball, location: 2F
1-1: Ball
2-1: Ball
3-1: DOUBLE (Line Drive, 5D, EV 104.4 MPH)
Pinch Runner at 2nd Ger Jobse:
Batting: LHB Ben Bullock 0-0: Foul Ball, location: 2F
0-1: Ball
1-1: Ball
2-1: Ball
3-1: Called Strike
3-2: Strikes out swinging
Bottom of the 4th over - 2 runs, 2 hits, 0 errors, 1 left on base; Nashville 0 - Echo Park 2
TOP OF THE 5TH
Nashville Outlaws batting - Pitching for Echo Park Lakers : LHP Luis Díaz
Batting: RHB Jong-yun Rhee 0-0: Fly out, F9 (Line Drive, 9, EV 101.2 MPH)
Batting: LHB Wilson Hernández 0-0: Ball
1-0: Ball
2-0: SINGLE (Line Drive, 4MD, EV 95.0 MPH)
Batting: LHB Daniel Page 0-0: Ball
1-0: Called Strike
1-1: Ball
Wilson Hernández steals 2nd base
2-1: Foul Ball, location: 2F
2-2: Foul Ball, location: 2F
2-2: Ball
3-2: Fly out, F8 (Flyball, 78M, EV 79.4 MPH)
Batting: LHB Juan Santángel 0-0: Ball
1-0: Ground out 4-3 (Groundball, 34D, EV 79.4 MPH)
Top of the 5th over - 0 runs, 1 hit, 0 errors, 1 left on base; Nashville 0 - Echo Park 2
BOTTOM OF THE 5TH
Echo Park Lakers batting - Pitching for Nashville Outlaws : RHP Jesús Cruz
Batting: RHB Ryoma Yamamoto 0-0: Foul Ball, location: 2F
0-1: Foul Ball, location: 2F
0-2: Ball
1-2: Foul Ball, location: 2F
1-2: Strikes out looking
Batting: SHB Akihiko Fujii 0-0: Called Strike
0-1: Ball
1-1: Swinging Strike
1-2: Ball
2-2: Foul Ball, location: 2F
2-2: Strikes out looking
Batting: LHB Armando Viña 0-0: Ground out 4-3 (Groundball, 4, EV 83.8 MPH)
Bottom of the 5th over - 0 runs, 0 hits, 0 errors, 0 left on base; Nashville 0 - Echo Park 2
TOP OF THE 6TH
Nashville Outlaws batting - Pitching for Echo Park Lakers : LHP Luis Díaz
Pitching: RHP Chun-mei Bao
Batting: RHB Shimei Miura 0-0: Swinging Strike
0-1: Called Strike
0-2: Ball
1-2: Strikes out swinging
Batting: LHB Nikolai Volkoff 0-0: Foul Ball, location: 2F
0-1: Ball
1-1: Swinging Strike
1-2: Strikes out swinging
Batting: RHB Broderick Sarcoma 0-0: Ball
1-0: Called Strike
1-1: SINGLE (Line Drive, 4M, EV 106.2 MPH)
Batting: LHB Duff Eckstein 0-0: Called Strike
Broderick Sarcoma steals 2nd base
0-1: Foul Ball, location: 2F
0-2: Foul Ball, location: 2F
0-2: Ball
1-2: Foul Ball, location: 2F
1-2: Ball
2-2: Strikes out swinging
Top of the 6th over - 0 runs, 1 hit, 0 errors, 1 left on base; Nashville 0 - Echo Park 2
BOTTOM OF THE 6TH
Echo Park Lakers batting - Pitching for Nashville Outlaws : RHP Jesús Cruz
Batting: LHB Jon Kelly 0-0: Called Strike
0-1: Foul Ball, location: 2F
0-2: Ball
1-2: Ball
2-2: Fly out, F7 (Flyball, 7LD, EV 85.6 MPH)
Batting: LHB Joe Schreibvogel 0-0: Called Strike
0-1: Fly out, F9 (Flyball, 9LSF, EV 91.9 MPH)
Batting: LHB Philip Todd 0-0: Ball
1-0: Ball
2-0: Foul Ball, location: 2F
2-1: Foul Ball, location: 2F
2-2: Strikes out swinging
Bottom of the 6th over - 0 runs, 0 hits, 0 errors, 0 left on base; Nashville 0 - Echo Park 2
TOP OF THE 7TH
Nashville Outlaws batting - Pitching for Echo Park Lakers : RHP Chun-mei Bao
Batting: LHB Bartolo Soto 0-0: Ground out U3 (Groundball, 3S, EV 77.5 MPH)
Batting: RHB Jong-yun Rhee 0-0: Ball
1-0: Called Strike
1-1: Ball
2-1: Foul Ball, location: 2F
2-2: Strikes out swinging
Batting: LHB Wilson Hernández 0-0: Called Strike
0-1: Ball
1-1: Called Strike
1-2: Ball
2-2: Strikes out swinging
Top of the 7th over - 0 runs, 0 hits, 0 errors, 0 left on base; Nashville 0 - Echo Park 2
BOTTOM OF THE 7TH
Echo Park Lakers batting - Pitching for Nashville Outlaws : RHP Jesús Cruz
Batting: LHB Jonathan Winston 0-0: Called Strike
0-1: Ball
1-1: Swinging Strike
1-2: Foul Ball, location: 2F
1-2: Ball
2-2: Ball
3-2: Base on Balls
Batting: RHB Ger Jobse 0-0: Fly out, F3 (Line Drive, 3, EV 68.8 MPH)
Batting: LHB Ben Bullock 0-0: SINGLE (Line Drive, 7LS, EV 94.4 MPH)
Jonathan Winston to second
Batting: RHB Ryoma Yamamoto 0-0: Called Strike
0-1: Swinging Strike
0-2: Strikes out looking
Pitching: RHP Frank Butler
Batting: SHB Akihiko Fujii 0-0: DOUBLE (Line Drive, 8RXD, EV 100.0 MPH)
Jonathan Winston scores
Ben Bullock to third
Batting: LHB Armando Viña 0-0: Foul Ball, location: 2F
0-1: DOUBLE (Line Drive, 7LM, EV 98.1 MPH)
Ben Bullock scores
Akihiko Fujii scores
Batting: LHB Jon Kelly 0-0: Called Strike
0-1: Called Strike
0-2: Foul Ball, location: 2F
0-2: Ball
1-2: Ball
2-2: Strikes out swinging
Bottom of the 7th over - 3 runs, 3 hits, 0 errors, 1 left on base; Nashville 0 - Echo Park 5
TOP OF THE 8TH
Nashville Outlaws batting - Pitching for Echo Park Lakers : RHP Chun-mei Bao
Batting: LHB Daniel Page 0-0: Ball
1-0: Called Strike
1-1: Ball
2-1: Ball
3-1: Base on Balls
Pitching: RHP Francisco Esposo
Batting: LHB Juan Santángel 0-0: Ball
1-0: Foul Ball, location: 2F
1-1: Foul Ball, location: 2F
1-2: Ball
2-2: Fielders Choice at 2nd, 4-6 (Groundball, 4, EV 105.6 MPH)
Batting: RHB Shimei Miura 0-0: Ball
1-0: Swinging Strike
1-1: Foul Ball, location: 2F
1-2: Ball
2-2: Foul Ball, location: 2F
2-2: Ball
3-2: SINGLE (Groundball, 4MD, EV 95.6 MPH)
Juan Santángel to second
Juan Santángel to third
Batting: LHB Nikolai Volkoff 0-0: Fly out, F9 (Flyball, 9LD, EV 99.4 MPH)
Runner from 3rd tags up, SCORES, no throw by RF
Batting: RHB Broderick Sarcoma 0-0: SINGLE (Groundball, 4MD, EV 99.4 MPH)
Shimei Miura to second
Runner from 2nd tries for 3rd, SAFE, throw by CF made to third
Batting: LHB Duff Eckstein 0-0: Ball
1-0: Swinging Strike
1-1: Ball
2-1: Swinging Strike
2-2: Foul Ball, location: 2F
2-2: Ball
3-2: Ground out 4-3 (Groundball, 34, EV 89.4 MPH)
Top of the 8th over - 1 run, 2 hits, 0 errors, 2 left on base; Nashville 1 - Echo Park 5
BOTTOM OF THE 8TH
Echo Park Lakers batting - Pitching for Nashville Outlaws : RHP Frank Butler
Batting: LHB Joe Schreibvogel 0-0: Called Strike
0-1: SOLO HOME RUN (Flyball, 89XD, EV 101.2 MPH), Distance : 421 ft
Batting: LHB Philip Todd 0-0: Ball
1-0: Called Strike
1-1: Swinging Strike
1-2: Ball
2-2: Ball
3-2: Foul Ball, location: 2F
3-2: Strikes out swinging
Batting: LHB Jonathan Winston 0-0: Ground out 4-3 (Groundball, 4, EV 102.5 MPH)
Batting: RHB Ger Jobse 0-0: Ball
1-0: SINGLE (Groundball, 6MD, EV 110.0 MPH)
Batting: LHB Ben Bullock 0-0: Called Strike
0-1: Ball
1-1: Foul Ball, location: 2F
1-2: Ball
Ger Jobse steals 2nd base
2-2: Ground out 4-3 (Groundball, 4, EV 81.9 MPH)
Bottom of the 8th over - 1 run, 2 hits, 0 errors, 1 left on base; Nashville 1 - Echo Park 6
TOP OF THE 9TH
Nashville Outlaws batting - Pitching for Echo Park Lakers : RHP Francisco Esposo
Batting: LHB Bartolo Soto 0-0: Fly out, F6 (Line Drive, 6, EV 76.9 MPH)
Batting: RHB Jong-yun Rhee 0-0: Ball
1-0: DOUBLE (Groundball, 5L, EV 101.9 MPH)
Batting: LHB Wilson Hernández 0-0: Foul Ball, location: 2F
0-1: Ball
1-1: Called Strike
1-2: Ball
2-2: Ball
3-2: Strikes out swinging, 2-3 out at first.
Batting: LHB Daniel Page 0-0: Called Strike
0-1: Swinging Strike
0-2: Ball
1-2: Foul Ball, location: 2F
1-2: Ball
2-2: Ball
3-2: Foul Ball, location: 2F
3-2: Base on Balls
Batting: LHB Juan Santángel 0-0: Ball
1-0: Called Strike
1-1: Ground out 4-3 (Groundball, 4, EV 101.9 MPH)
Top of the 9th over - 0 runs, 1 hit, 0 errors, 2 left on base; Nashville 1 - Echo Park 6
Friday, March 26th, 2021 - OOTP Baseball 20.8 Build 74